 Dungeon Crawl Stone Soup version 0.23.2-1-ga50397a (webtiles) character file.

Game seed: 10501616843499875337

385657 dvd the Severer (level 21, -8/196 HPs)
             Began as a Minotaur Fighter on May 4, 2019.
             Was the Champion of Cheibriados.
             Splashed by a deep elf sorcerer's acid (16 damage)
             ... on level 3 of the Elven Halls.
             The game lasted 02:33:58 (39573 turns).

dvd the Severer (Minotaur Fighter)                 Turns: 39573, Time: 02:33:59

Health: -8/196     AC: 27    Str: 41    XL:     21   Next: 99%
Magic:  28/28      EV: 24    Int: 33    God:    Cheibriados [******]
Gold:   2286       SH: 25    Dex: 39    Spells: 15/30 levels left

rFire    + + +     SeeInvis +   a - +9 broad axe (elec)
rCold    + + .     Gourm    .   s - +5 shield
rNeg     . . .     Faith    +   O - +2 scale mail of the Everdark {rPois rC++ Int+2 SInv}
rPois    +         Spirit   .   N - +2 hat {MR+}
rElec    +         Reflect  .   e - +2 cloak
rCorr    .         Harm     .   X - +2 pair of gloves {archery}
MR       ++++.                  U - +2 pair of boots
Stlth    +.........             z - amulet "Offumept" {Faith rPois MR+ Int+2 Stlth-}
HPRegen  0.42/turn              E - ring "Zogi" {rF+ AC+3 Str+2 Dex+9 Stlth-}
MPRegen  0.21/turn              B - ring of Tutho {rElec rF+ Int+5}

@: studying 3 skills, very slow
A: retaliatory headbutt, horns 2, blurry vision 1, clever 1, fire resistance 1,
magic resistance 1
}: 2/15 runes: decaying, serpentine
a: Bend Time, Temporal Distortion, Slouch, Step From Time, Renounce Religion


You were on level 3 of the Elven Halls.
You worshipped Cheibriados.
Cheibriados was exalted by your worship.
You were not hungry.

You visited 7 branches of the dungeon, and saw 38 of its levels.
You visited the Abyss 1 time.
You visited 1 bazaar.
You also visited: Bailey, Ice Cave and Volcano.

You collected 6148 gold pieces.
You spent 3862 gold pieces at shops.

Inventory:

Hand Weapons
 a - a +9 broad axe of electrocution (weapon)
 b - a +3 fustibalus of freezing
 c - the +7 hand crossbow of the Five Emperors {elec, rElec rC+ Dex-2}
   (You bought it in a shop on level 2 of the Orcish Mines)

   It charges the ammunition it shoots with electricity; occasionally upon a
   hit, such missiles may discharge and cause terrible harm.
   It affects your dexterity (-2).
   It protects you from cold.
   It insulates you from electricity.
Missiles
 g - 217 sling bullets
 m - 3 silver tomahawks
 q - 827 bolts
 A - 15 javelins (quivered)
 G - 48 tomahawks
Armour
 e - a +2 cloak (worn)
 h - the +5 chain mail of Feyhul {rPois rN+}
   (You found it on level 6 of the Lair of Beasts)

   It protects you from poison.
   It protects you from negative energy.
 s - a +5 shield (worn)
 u - the +5 ring mail "Uson" {+Blink rC+ Str+2 Int+5}
   (You bought it in a shop in a bazaar)

   It affects your strength (+2).
   It affects your intelligence (+5).
   It protects you from cold.
   It lets you blink.
 N - a +2 hat of magic resistance (worn)
 O - the +2 scale mail of the Everdark (worn) {rPois rC++ Int+2 SInv}
   (You found it on level 3 of the Vaults)

   It affects your intelligence (+2).
   It greatly protects you from cold.
   It protects you from poison.
   It lets you see invisible.
 U - a +2 pair of boots (worn)
 X - a +2 pair of gloves of archery (worn)
Jewellery
 z - the amulet "Offumept" (around neck) {Faith rPois MR+ Int+2 Stlth-}
   (You took it off a centaur on level 7 of the Dungeon)

   [amulet of faith]

   It allows you to gain divine favour quickly.
   It affects your intelligence (+2).
   It protects you from poison.
   It affects your resistance to hostile enchantments.
   It makes you less stealthy.
 B - the ring of Tutho (right hand) {rElec rF+ Int+5}
   (You found it on level 7 of the Dungeon)

   [ring of protection from fire]

   It affects your intelligence (+5).
   It protects you from fire.
   It insulates you from electricity.
 E - the ring "Zogi" (left hand) {rF+ AC+3 Str+2 Dex+9 Stlth-}
   (You found it on level 7 of the Dungeon)

   [ring of protection]

   It affects your AC (+3).
   It affects your strength (+2).
   It affects your dexterity (+9).
   It protects you from fire.
   It makes you less stealthy.
 K - an uncursed ring of resist corrosion
Wands
 j - a wand of acid (10)
 v - a wand of iceblast (74)
 x - a wand of scattershot (15)
 F - a wand of paralysis (18)
 I - a wand of digging (7)
 J - a wand of clouds (3)
 V - a wand of flame (44)
Scrolls
 i - 26 scrolls of identify
 n - 18 scrolls of teleportation
 o - 7 scrolls of remove curse
 t - 6 scrolls of fear
 w - a scroll of magic mapping
 y - 4 scrolls of fog
 H - a scroll of enchant armour
 T - 2 scrolls of blinking
Potions
 d - 6 potions of might
 k - 9 potions of heal wounds
 l - 5 potions of agility
 p - 12 potions of curing
 C - 2 potions of invisibility
 L - 8 potions of mutation
 P - a potion of magic
 Q - 4 potions of flight
 R - 2 potions of ambrosia
Books
 r - a manual of Charms
 M - a manual of Ice Magic
 S - a manual of Fire Magic
Comestibles
 f - 57 rations
 D - 2 chunks of flesh


   Skills:
 + Level 18.9 Fighting
 + Level 20.5(20.6) Axes
   Level 1.9(14.1) Maces & Flails
   Level 0.6(14.0) Polearms
 + Level 6.4(7.7) Slings
 + Level 11.9 Crossbows
 + Level 5.8(7.0) Throwing
 + Level 14.0 Armour
 + Level 10.1 Dodging
 + Level 3.5 Stealth
 + Level 19.6 Shields
 + Level 5.2 Spellcasting
   Level 0.3 Conjurations
 * Level 8.9 Charms
 + Level 6.2 Necromancy
 + Level 3.8 Translocations
 * Level 4.0 Air Magic
 + Level 11.4 Invocations


You had 15 spell levels left.
You knew the following spells:

 Your Spells              Type           Power        Failure   Level  Hunger
a - Blink                 Tloc           N/A          1%          2    None
b - Deflect Missiles      Chrm/Air       ######....   58%         6    ######.
c - Apportation           Tloc           ####..       1%          1    None
d - Regeneration          Chrm/Necr      ######....   1%          3    None
e - Lesser Beckoning      Tloc           ####......   4%          3    None

Your spell library contained the following spells:

 Spells                   Type           Power        Failure   Level  Hunger
 Animate Skeleton         Necr           N/A          1%          1    None
 Pain                     Necr           ####         1%          1    None
 Corpse Rot               Necr           N/A          1%          2    None
 Vampiric Draining        Necr           #####.....   1%          3    None
 Gell's Gravitas          Tloc           ####......   4%          3    None
 Animate Dead             Necr           N/A          5%          4    ###....
 Magic Dart               Conj           ##..         6%          1    None
 Confusing Touch          Hex            #.....       7%          1    None
 Corona                   Hex            #......      7%          1    None
 Sandblast                Erth           #.....       7%          1    None
 Summon Butterflies       Summ           #.......     7%          1    None
 Summon Small Mammal      Summ           #...         7%          1    None
 Portal Projectile        Hex/Tloc       ###...       9%          3    None
 Static Discharge         Conj/Air       ###.....     9%          3    None
 Excruciating Wounds      Chrm/Necr      ######....   9%          5    #####..
 Call Imp                 Summ           #.......     11%         2    None
 Ensorcelled Hibernation  Hex/Ice        #.....       11%         2    None
 Passwall                 Tmut/Erth      #.......     11%         2    None
 Slow                     Hex            #.......     11%         2    None
 Mephitic Cloud           Conj/Pois/Air  ###.....     11%         3    None
 Agony                    Necr           #####...     14%         5    #####..
 Dispel Undead            Necr           #####...     14%         5    #####..
 Conjure Flame            Conj/Fire      #.......     19%         3    None
 Dazzling Spray           Conj/Hex       #.....       19%         3    None
 Stone Arrow              Conj/Erth      #.....       19%         3    None
 Call Canine Familiar     Summ           #.......     21%         3    None
 Confuse                  Hex            #.......     21%         3    None
 Ignite Poison            Fire/Tmut/Pois #.......     21%         3    None
 Inner Flame              Hex/Fire       #.......     21%         3    None
 Summon Guardian Golem    Hex/Summ       #.......     21%         3    None
 Tukima's Dance           Hex            #.......     21%         3    None
 Summon Lightning Spire   Summ/Air       ###.....     30%         4    ###....
 Borgnjor's Vile Clutch   Necr/Erth      ####......   45%         5    #####..
 Cause Fear               Hex            #.........   56%         4    ###....
 Ice Form                 Ice/Tmut       #.......     56%         4    ###....
 Leda's Liquefaction      Hex/Erth       #.........   56%         4    ###....
 Petrify                  Tmut/Erth      #.......     56%         4    ###....
 Summon Ice Beast         Ice/Summ       #.......     56%         4    ###....
 Lightning Bolt           Conj/Air       ###.......   61%         5    #####..
 Silence                  Hex/Air        ###.......   63%         5    #####..
 Death Channel            Necr           #####.....   63%         6    ######.
 Fireball                 Conj/Fire      #.........   87%         5    #####..
 Alistair's Intoxication  Tmut/Pois      #.......     88%         5    #####..
 Lee's Rapid Deconstruct  Erth           #.........   88%         5    #####..
 Metabolic Englaciation   Hex/Ice        #.........   88%         5    #####..
 Yara's Violent Unravell  Hex/Tmut       #.........   88%         5    #####..
 Simulacrum               Ice/Necr       ####......   96%         6    ######.
 Conjure Ball Lightning   Conj/Air       ###.......   99%         6    ######.
 Freezing Cloud           Conj/Ice/Air   ###.......   99%         6    ######.
 Bolt of Cold             Conj/Ice       #.........   100%        6    ######.
 Bolt of Fire             Conj/Fire      #.........   100%        6    ######.
 Darkness                 Hex            #.........   100%        6    ######.
 Invisibility             Hex            #.......     100%        6    ######.
 Ozocubu's Refrigeration  Ice            #.........   100%        6    ######.
 Poison Arrow             Conj/Pois      #.........   100%        6    ######.
 Shadow Creatures         Summ           N/A          100%        6    ######.
 Ring of Flames           Chrm/Fire      #####.....   100%        7    #######
 Chain Lightning          Conj/Air       ###.......   100%        8    #######
 Discord                  Hex            #.........   100%        8    #######
 Ignition                 Fire           #.........   100%        8    #######
 Lehudib's Crystal Spear  Conj/Erth      #.........   100%        8    #######
 Fire Storm               Conj/Fire      #.........   100%        9    #######
 Glaciate                 Conj/Ice       #.........   100%        9    #######
 Shatter                  Erth           #.........   100%        9    #######
 Tornado                  Air            #####.....   100%        9    #######


Dungeon Overview and Level Annotations

Branches:
Dungeon (15/15)            Temple (0/1) D:5            Lair (6/6) D:9
  Swamp (4/4) Lair:3        Snake (4/4) Lair:2        Slime (0/5) Lair:5
    Orc (2/2) D:12            Elf (3/3) Orc:2        Vaults (4/5) D:13
  Crypt (0/3) Vaults:3     Depths (0/5) D:15

Altars:
Ashenzari
Cheibriados
Fedhas
Gozag
Kikubaaqudgha
Makhleb
Nemelex Xobeh
Okawaru
Qazlal
Ru
Trog
Vehumet
Xom
Yredelemnul
The Shining One
Beogh
Jiyva

Shops:
D:13 (   Orc:2 **!:*   Elf:2 [   Elf:3 =


Innate Abilities, Weirdness & Mutations

You reflexively headbutt those who attack you in melee.
You have a pair of horns on your head.
Scrolls take you a little longer to read.
Your mind is acute. (Int +2)
Your flesh is heat resistant. (rF+)
You are resistant to hostile enchantments. (MR+)


Message History

Your Air Magic skill increases to level 4!
You slice the deep elf sorcerer!!
The deep elf sorcerer gestures at you while chanting.
The bolt of acid hits you!!
* * * LOW HITPOINT WARNING * * *
You are splashed with acid!
* * * LOW HITPOINT WARNING * * *
The deep elf sorcerer gestures at you while chanting.
The bolt of acid misses you.
You feel much better. The deep elf sorcerer misses you.
You furiously retaliate!
You headbutt the deep elf sorcerer! You slash the deep elf sorcerer!
The deep elf sorcerer is moderately wounded.
You hit the deep elf sorcerer.
A crawling corpse comes into view.
The deep elf sorcerer points at you and mumbles some strange words.
The bolt of acid hits you!!
* * * LOW HITPOINT WARNING * * *
You are splashed with acid!
You die...

*,* ************#.#
####... *,* #.# ###.
****.##** #.# #. *,,,...,*
#.# #.
*,**,#..*#############.#
#.
*,*,**#.##..[....#...#.#
#. *,,**
*#.#...(.........########.
*,**
##..[[(e).......#........
*,,*
#...)e)e@<(..............
****
#...$)))....##########...
#.#x#.......# ###. #
#(#..###### #..) *#e##.#
#.#. **.ee### *** #.#.
**.4e..** **,** #.#. *
**.......** **,,,**#.#. **
**...e.....** **,,,,,*#.#.


You could see 2 deep elf sorcerers, a deep elf high priest and a crawling
corpse.

Vanquished Creatures
  2 ancient liches (Vaults:3)
  Sojobo (Vaults:4)
  The ghost of royokou the Executioner, a veteran MiFi of Makhleb (Vaults:4)
  Frederick (Vaults:4)
  the Lernaean hydra (Swamp:4)
  3 liches (Vaults:3)
  A bone dragon (Abyss:4)
  A tentacled monstrosity (Vaults:3)
  A deep elf master archer (Elf:3)
  2 deep elf blademasters (Elf:3)
  The ghost of Zonian the Severer, an adept HOFi of Beogh (Snake:4)
  Kirke (Swamp:2)
  An ancient champion (Vaults:4)
  Agnes (D:15)
  A thorn hunter (Swamp:3)
  The ghost of Adoajy the Bludgeoner, an adept DsWr of Ru (Vaults:3)
  A tengu reaver (D:12)
  8 nagarajas
  A storm dragon (Vaults:2)
  Roxanne (D:15)
  9 vault wardens
  A draconian knight (Vaults:4)
  2 fire giants
  5 deep elf sorcerers (Elf:3)
  Louise (Swamp:4)
  4 deep elf elementalists (Elf:3)
  7 ironheart preservers
  Aizul (Snake:1)
  A spriggan defender (Vaults:4)
  A ghoul (Vaults:4)
  2 very ugly things (Swamp:4)
  2 entropy weavers
  A stone giant (Vaults:3)
  The ghost of kalagan the Eclecticist, a journeyman DEEE of Sif Muna (Orc:2)
  3 deep elf demonologists (Elf:3)
  A vampire knight (Vaults:3)
  7 deep elf annihilators
  Azrael (D:15)
  4 deep elf death magi
  The ghost of GuyDeFluk the Bewitcher, a journeyman SpEn of Dithmenos (Orc:1)
  2 green deaths (Swamp:4)
  An ettin (Vaults:4)
  6 yaktaur captains
  2 fire dragons
  2 deep elf high priests (Elf:3)
  Josephine (D:15)
  2 ice dragons
  13 naga warriors
  8 vault guards
  9 hydras
  Harold (D:7)
  10 centaur warriors
  A catoblepas (D:13)
  2 rakshasas (Vaults:2)
  A merfolk avatar (Lair:6)
  12 anacondas
  5 death knights
  17 alligators
  8 ogre magi
  26 dancing weapons
  3 tengu warriors
  4 deep troll earth magi
  31 two-headed ogres
  A thrashing horror (Swamp:4)
  9 naga sharpshooters
  6 orc high priests
  Nergalle (Orc:1)
  5 shock serpents
  3 wretched stars (Abyss:4)
  21 deep elf knights
  3 skeletal warriors
  2 salamander mystics (Snake:3)
  A sea snake (Snake:1)
  A fire crab (shapeshifter) (Vaults:3)
  2 flayed ghosts
  A glowing orange brain (Vaults:3)
  7 naga ritualists
  18 deep elf archers
  5 wizards
  2 spriggan druids
  4 unseen horrors
  12 ironbrand convokers
  8 deep trolls
  A harpy (Lair:6)
  11 swamp dragons
  7 necromancers
  6 orc sorcerers
  3 phantasmal warriors
  5 mana vipers (Snake:1)
  5 wolf spiders
  A sphinx zombie (Vaults:4)
  4 manticores
  26 orc knights
  12 salamanders
  58 deep elf magi
  34 ugly things
  2 cyclopes (Vaults:2)
  8 elephants (Lair:6)
  2 moths of wrath (Snake:4)
  14 naga magi
  2 molten gargoyles (Volcano)
  A stone giant skeleton (Vaults:1)
  A torpor snail (Lair:2)
  2 guardian serpents (Snake:3)
  A smoke demon (Volcano)
  42 black mambas
  3 orange demons (Swamp:4)
  A frost giant skeleton (Vaults:1)
  An apocalypse crab (Abyss:4)
  9 vault sentinels
  An ice statue (IceCv)
  2 gargoyles
  10 spiny frogs
  15 freezing wraiths
  4 kobold demonologists (D:12)
  25 yaktaurs
  7 rime drakes
  12 komodo dragons
  A yaktaur skeleton (Vaults:1)
  15 trolls
  2 red devils (Volcano)
  An ancient zyme (Abyss:4)
  5 tengu conjurers
  2 polar bears (Lair:6)
  A queen bee (shapeshifter) (Elf:2)
  A troll (shapeshifter) (Vaults:3)
  13 tyrant leeches
  A wind drake (Lair:6)
  A tengu simulacrum (Vaults:4)
  11 bog bodies
  8 hornets
  8 dream sheep
  Grinder (D:6)
  A meliai zombie (D:14)
  7 blink frogs (Lair:6)
  3 raiju (Abyss:4)
  A hippogriff (shapeshifter) (Elf:1)
  11 hippogriffs
  39 slime creatures
  5 redbacks
  The ghost of grenoire the Skirmisher, an amateur OgBe of Trog (D:3)
  2 large abominations
  11 wraiths
  4 water elementals
  A tarantella (Vaults:3)
  41 yaks
  6 air elementals
  A spriggan (shapeshifter) (Vaults:3)
  2 vampires
  2 shadows
  A basilisk (Lair:3)
  6 wyverns
  5 fire elementals
  7 hogs (Swamp:2)
  A golden eye (shapeshifter) (D:13)
  2 death yak simulacra (IceCv)
  8 vampire mosquitoes
  Grum (D:8)
  2 fire bats (Volcano)
  A chaos spawn (Abyss:4)
  4 hungry ghosts
  Menkaure (D:6)
  28 insubstantial wisps
  21 swamp worms
  16 wargs
  48 nagas
  6 hell hounds
  An acid dragon (Vaults:1)
  24 water moccasins
  An ogre skeleton (Vaults:1)
  2 soldier ants (D:11)
  6 porcupines
  71 orc warriors
  13 ice beasts
  7 sky beasts
  A hornet zombie (Vaults:1)
  A black bear (D:12)
  5 phantoms
  6 swamp drakes
  23 ogres
  2 eyes of draining
  A black bear (shapeshifter) (Vaults:2)
  A starcursed mass (Abyss:4)
  5 boggarts
  8 wolves
  31 centaurs
  12 crocodiles
  3 big kobolds
  12 bullfrogs
  A wyvern zombie (D:12)
  5 earth elementals
  An elf skeleton (D:7)
  3 scorpions
  2 small abominations
  3 killer bees (D:9)
  13 wights
  An electric eel (Lair:4)
  5 howler monkeys
  2 centaur zombies
  9 crimson imps
  2 quasits
  5 lava snakes (Volcano)
  A bullfrog zombie (D:12)
  4 human zombies
  6 draconian simulacra (IceCv)
  2 bullfrog skeletons (D:11)
  52 orc priests
  7 hounds
  5 jellies
  4 centaur skeletons
  28 orc wizards
  7 human skeletons
  17 worker ants
  5 hell rats (Lair:6)
  2 polar bear simulacra (IceCv)
  2 troll simulacra (IceCv)
  2 spriggan simulacra (IceCv)
  4 centaur simulacra (IceCv)
  2 hound zombies
  A hound skeleton (D:8)
  2 mummies (D:7)
  Robin (D:3)
  10 gnolls
  20 adders
  A howler monkey skeleton (D:10)
  3 ogre simulacra (IceCv)
  3 naga simulacra (IceCv)
  2 shadow imps
  27 white imps
  5 oozes
  An adder skeleton (D:8)
  An adder zombie (D:8)
  2 worms
  A dart slug (D:1)
  5 leopard geckos
  164 orcs
  7 bats
  6 giant cockroaches
  17 goblins
  10 hobgoblins
  23 jackals
  20 kobolds
  8 quokkas
  6 ball pythons
  A frilled lizard (D:1)
  A jackal skeleton (D:4)
  2 leopard gecko skeletons (D:5)
  2 orc skeletons
  An orc zombie (D:7)
  A quokka zombie (D:7)
  12 rats
  4 crawling corpses (Elf:3)
  A fungus (Lair:6)
  3 plants
  A withered plant (Vaults:4)
1883 creatures vanquished.

Vanquished Creatures (others)
  A deep elf knight (Elf:1)
  A shadow wraith (Vaults:3)
  A large abomination (Abyss:4)
  A basilisk (D:14)
  A swamp worm (shapeshifter) (Elf:3)
  A naga (Snake:4)
  A bush (D:15)
  2 fungi
  5 plants
14 creatures vanquished.

Grand Total: 1897 creatures vanquished

Notes
Turn   | Place    | Note
-------+----------+-------------------------------------------
     0 | D:1      | dvd the Minotaur Fighter began the quest for the Orb.
     0 | D:1      | Reached XP level 1. HP: 19/19 MP: 0/0
   158 | D:1      | Reached XP level 2. HP: 25/27 MP: 1/1
   169 | D:1      | Reached skill level 3 in Axes
   342 | D:1      | Reached XP level 3. HP: 33/33 MP: 2/2
   360 | D:1      | You fall through a shaft!
  1198 | D:2      | Found a burning altar of Makhleb.
  1199 | D:2      | Found a radiant altar of Vehumet.
  1316 | D:3      | Reached XP level 4. HP: 40/40 MP: 3/3
  1329 | D:3      | Reached skill level 4 in Axes
  1340 | D:3      | Noticed Robin
  1573 | D:3      | Reached skill level 5 in Axes
  1573 | D:3      | Reached XP level 5. HP: 39/46 MP: 4/4
  1575 | D:3      | Killed Robin
  1616 | D:3      | Found a faded altar of an unknown god.
  1736 | D:3      | Became a worshipper of Cheibriados the Contemplative
  1736 | D:3      | Reached * piety under Cheibriados
  1764 | D:3      | Found a runed translucent gate.
  1765 | D:3      | Found a runed translucent gate.
  1765 | D:3      | Found a runed translucent gate.
  1766 | D:3      | Found an opulent altar of Gozag.
  1768 | D:3      | Noticed grenoire's ghost (amateur OgBe)
  1768 | D:3      | Noticed a sky beast
  1806 | D:3      | Reached XP level 6. HP: 39/52 MP: 5/5
  1913 | D:3      | Reached skill level 6 in Axes
  1945 | D:3      | Reached ** piety under Cheibriados
  2082 | D:3      | Found a snail-covered altar of Cheibriados.
  2219 | D:4      | Reached skill level 5 in Armour
  2222 | D:4      | Found a stormy altar of Qazlal.
  2237 | D:4      | Noticed a fire elemental
  2238 | D:4      | Noticed a water elemental
  2238 | D:4      | Noticed an air elemental
  2296 | D:4      | Reached skill level 1 in Dodging
  2413 | D:4      | Reached skill level 5 in Shields
  2413 | D:4      | Reached XP level 7. HP: 53/60 MP: 6/6
  2509 | D:4      | Found a blossoming altar of Fedhas.
  2605 | D:4      | Reached skill level 7 in Axes
  2676 | D:5      | Entered Level 5 of the Dungeon
  2742 | D:5      | Found a shattered altar of Ashenzari.
  2775 | D:5      | Reached *** piety under Cheibriados
  2789 | D:5      | Found a staircase to the Ecumenical Temple.
  2803 | D:5      | Reached skill level 8 in Axes
  2879 | D:5      | Reached skill level 5 in Fighting
  2879 | D:5      | Reached XP level 8. HP: 50/68 MP: 7/7
  2902 | D:5      | Found a glowing golden altar of the Shining One.
  3239 | D:5      | Reached skill level 9 in Axes
  3550 | D:6      | Noticed Grinder
  3554 | D:6      | Paralysed by Grinder for 5 turns
  3561 | D:6      | Paralysed by Grinder for 2 turns
  3565 | D:6      | Killed Grinder
  3592 | D:6      | Reached **** piety under Cheibriados
  3675 | D:6      | Learned a level 2 spell: Blink
  4030 | D:6      | Noticed Menkaure
  4035 | D:6      | Killed Menkaure
  4165 | D:7      | Reached skill level 10 in Axes
  4274 | D:7      | Reached XP level 9. HP: 75/75 MP: 8/8
  4324 | D:7      | Found a basalt altar of Yredelemnul.
  4335 | D:7      | Reached skill level 1 in Throwing
  4427 | D:7      | Reached ***** piety under Cheibriados
  4464 | D:7      | Reached skill level 11 in Axes
  4593 | D:7      | Noticed Harold
  4606 | D:7      | Killed Harold
  4708 | D:7      | Noticed a purple ugly thing
  4717 | D:7      | Killed a purple ugly thing
  4717 | D:7      | Reached XP level 10. HP: 62/86 MP: 9/9
  4718 | D:7      | Identified the amulet "Offumept" {Faith rPois MR+ Int+2
                  | Stlth-}
  4723 | D:7      | Reached skill level 12 in Axes
  4736 | D:7      | Got a vibrating steel ring
  4738 | D:7      | Identified the ring of Tutho {rElec rF+ Int+5} (You found
                  | it on level 7 of the Dungeon)
  4768 | D:7      | Got a faintly glowing marble ring
  4770 | D:7      | Identified the ring "Zogi" {rF+ AC+3 Str+2 Dex+9 Stlth-}
                  | (You found it on level 7 of the Dungeon)
  4773 | D:7      | Got a smoking brass ring
  4775 | D:7      | Identified the cursed ring "Nidyf" {rC+ Dex-2} (You found
                  | it on level 7 of the Dungeon)
  4882 | D:7      | Learned a level 1 spell: Magic Dart
  5538 | D:8      | Noticed a two-headed ogre
  5544 | D:8      | Noticed Grum
  5551 | D:8      | Killed a two-headed ogre
  5553 | D:8      | Noticed a red ugly thing
  5564 | D:8      | Killed a red ugly thing
  5564 | D:8      | Reached skill level 13 in Axes
  5564 | D:8      | Reached skill level 10 in Shields
  5567 | D:8      | Killed Grum
  5769 | D:9      | Found a staircase to the Lair.
  5989 | D:9      | Reached ****** piety under Cheibriados
  6040 | D:9      | Reached XP level 11. HP: 89/95 MP: 10/10
  6063 | D:9      | Found a sacrificial altar of Ru.
  6164 | D:9      | Killed an unseen horror
  6169 | Lair:1   | Entered Level 1 of the Lair of Beasts
  6378 | Lair:1   | Reached skill level 1 in Invocations
  6471 | Lair:1   | Reached skill level 14 in Axes
  7442 | Lair:2   | Reached skill level 10 in Fighting
  7630 | Lair:2   | Reached XP level 12. HP: 106/106 MP: 13/13
  7643 | Lair:2   | Found a staircase to the Snake Pit.
  8130 | Lair:3   | Gained mutation: Scrolls take you a little longer to read.
                  | [potion of mutation]
  8130 | Lair:3   | Gained mutation: Your mind is acute. (Int +2) [potion of
                  | mutation]
  8130 | Lair:3   | Gained mutation: Your flesh is heat resistant. (rF+)
                  | [potion of mutation]
  8130 | Lair:3   | Gained mutation: You are resistant to hostile enchantments.
                  | (MR+) [potion of mutation]
  8138 | Lair:3   | Found a staircase to the Swamp.
  8184 | Lair:3   | Reached skill level 15 in Axes
  8985 | Lair:4   | Found a dark tunnel.
  8990 | Volcano  | Entered a volcano
  9037 | Volcano  | Reached skill level 10 in Armour
  9274 | Volcano  | Found a radiant altar of Vehumet.
  9383 | Volcano  | Reached skill level 5 in Invocations
  9993 | Lair:4   | Found an iron altar of Okawaru.
 10280 | Lair:4   | Noticed an ice dragon
 10296 | Lair:4   | Killed an ice dragon
 11387 | Lair:5   | Reached skill level 1 in Stealth
 11555 | Lair:5   | Found a viscous altar of Jiyva.
 11556 | Lair:5   | Found a staircase to the Slime Pits.
 11837 | Lair:6   | Entered Level 6 of the Lair of Beasts
 11843 | Lair:6   | Reached XP level 13. HP: 113/114 MP: 16/16
 11924 | Lair:6   | Found a frozen archway.
 11974 | IceCv    | Entered an ice cave
 12434 | IceCv    | Found an ancient bone altar of Kikubaaqudgha.
 12551 | IceCv    | Reached skill level 16 in Axes
 13335 | Lair:6   | Identified a scroll of acquirement
 14108 | Lair:6   | Got a brightly glowing chain mail
 14148 | Lair:6   | Identified the +5 chain mail of Feyhul {rPois rN+} (You
                  | found it on level 6 of the Lair of Beasts)
 14433 | D:9      | Found a sparkling altar of Nemelex Xobeh.
 14620 | D:10     | Entered Level 10 of the Dungeon
 14626 | D:10     | Reached XP level 14. HP: 125/125 MP: 19/19
 15327 | D:11     | Identified the +1 scale mail "Daxkuz" {rPois rN+ MR- Dex+9}
                  | (You found it on level 11 of the Dungeon)
 15376 | D:11     | Found a sacrificial altar of Ru.
 15651 | D:11     | You fall through a shaft for 3 floors!
 15695 | D:14     | Reached skill level 1 in Slings
 15746 | D:14     | Found a flagged portal.
 15856 | Bailey   | Entered a bailey
 16435 | D:14     | Reached skill level 1 in Spellcasting
 16435 | D:14     | Reached skill level 1 in Translocations
 16440 | D:14     | Found a shimmering altar of Xom.
 16447 | D:14     | Found a shimmering altar of Xom.
 16457 | D:14     | Found a shimmering altar of Xom.
 16481 | D:14     | Found a shimmering altar of Xom.
 16481 | D:14     | Found a shimmering altar of Xom.
 16902 | D:13     | Found Duwn's Antique Weapon Shoppe.
 16913 | D:13     | Bought a bloodstained morningstar for 315 gold pieces
 16913 | D:13     | Identified the +2 morningstar "Taf Tola" {crush, rElec
                  | MP+9} (You bought it in a shop on level 13 of the Dungeon)
 17236 | D:13     | Found a gate to the Vaults.
 17501 | D:12     | Reached skill level 17 in Axes
 17738 | D:12     | Found a radiant altar of Vehumet.
 17742 | D:12     | Found a transporter.
 17742 | D:12     | Noticed a tengu reaver
 17761 | D:12     | Killed a tengu reaver
 17764 | D:12     | Reached skill level 5 in Dodging
 17810 | D:12     | Found a transporter.
 17854 | D:12     | Got a smoking hat
 17865 | D:12     | Identified the cursed -1 hat of Xutredaff {Dex+3 Stlth+}
                  | (You found it on level 12 of the Dungeon)
 17895 | D:12     | Learned a level 1 spell: Apportation
 17952 | D:12     | Found a staircase to the Orcish Mines.
 18077 | D:11     | Reached XP level 15. HP: 124/134 MP: 21/21
 18342 | Orc:1    | Entered Level 1 of the Orcish Mines
 18828 | Orc:1    | Found a runed translucent door.
 18828 | Orc:1    | Noticed GuyDeFluk's ghost (journeyman SpEn)
 18838 | Orc:1    | Reached skill level 5 in Slings
 18868 | Orc:1    | Killed GuyDeFluk's ghost
 19149 | Orc:2    | Entered Level 2 of the Orcish Mines
 19342 | Orc:2    | Reached skill level 10 in Invocations
 19696 | Orc:2    | Found a staircase to the Elven Halls.
 19804 | Orc:2    | Found a roughly hewn altar of Beogh.
 19860 | Orc:2    | Found a runed translucent gate.
 19860 | Orc:2    | Found a runed translucent gate.
 19860 | Orc:2    | Found a runed translucent gate.
 19861 | Orc:2    | Noticed kalagan's ghost (journeyman DEEE)
 19865 | Orc:2    | Found an iron altar of Okawaru.
 19885 | Orc:2    | Found Zubios's Assorted Antiques.
 19885 | Orc:2    | Found Guuwin's Book Boutique.
 19943 | Orc:2    | Found Purphux's Distillery.
 19959 | Orc:2    | Bought a potion of degeneration for 16 gold pieces
 19962 | Orc:2    | Bought a potion of curing for 48 gold pieces
 19962 | Orc:2    | Bought a potion of mutation for 128 gold pieces
 19962 | Orc:2    | Bought a potion of heal wounds for 80 gold pieces
 20105 | Orc:2    | Found Murph's General Store.
 20105 | Orc:2    | Found Luzeliq's Assorted Antiques.
 20123 | Orc:2    | Bought a potion of curing for 51 gold pieces
 20123 | Orc:2    | Bought a potion of curing for 51 gold pieces
 20132 | Orc:2    | Bought the +7 hand crossbow of the Five Emperors {elec,
                  | rElec rC+ Dex-2} for 847 gold pieces
 20441 | Orc:2    | Killed kalagan's ghost
 20443 | Orc:2    | Reached skill level 5 in Throwing
 20467 | Orc:2    | Identified the cursed +1 robe of Weur {*Contam Str+3 Int+2
                  | Dex+2} (You found it on level 2 of the Orcish Mines)
 20859 | D:3      | Killed grenoire's ghost
 21340 | Orc:2    | Bought a cloak for 162 gold pieces
 21345 | Orc:2    | Bought a scroll of blinking for 270 gold pieces
 21437 | Orc:1    | Noticed Nergalle
 21449 | Orc:1    | Killed Nergalle
 21665 | D:15     | Entered Level 15 of the Dungeon
 21774 | D:15     | Noticed Azrael
 21785 | D:15     | Killed Azrael
 21792 | D:15     | Noticed a fire giant
 21795 | D:15     | Reached skill level 1 in Crossbows
 21796 | D:15     | Found a staircase to the Depths.
 21799 | D:15     | Killed a fire giant
 21886 | D:15     | Noticed Josephine
 21895 | D:15     | Killed Josephine
 22145 | D:15     | Noticed Roxanne
 22166 | D:15     | Killed Roxanne
 22264 | D:15     | Noticed Agnes
 22272 | D:15     | Killed Agnes
 22557 | D:15     | Reached XP level 16. HP: 144/144 MP: 22/22
 22813 | Snake:1  | Entered Level 1 of the Snake Pit
 22893 | Snake:1  | Found a runed translucent gate.
 22893 | Snake:1  | Found a runed translucent gate.
 22893 | Snake:1  | Found a runed translucent gate.
 22912 | Snake:1  | Reached skill level 18 in Axes
 22924 | Snake:1  | Reached skill level 5 in Crossbows
 23041 | Snake:1  | Noticed Aizul
 23056 | Snake:1  | Killed Aizul
 23749 | Snake:2  | Reached skill level 15 in Shields
 23761 | Snake:2  | Found a flickering gateway to a bazaar.
 23771 | Bazaar   | Entered a bazaar
 23771 | Bazaar   | Found Biduufamp's Gadget Shop.
 23771 | Bazaar   | Found Nuwew's Antique Weapon Emporium.
 23771 | Bazaar   | Found Momidd's Assorted Antiques.
 23771 | Bazaar   | Found Uklo's Armour Shoppe.
 23773 | Bazaar   | Found Upoquf's Antique Armour Shoppe.
 23819 | Bazaar   | Bought a scroll labeled VAUDUO NONUMUU for 20 gold pieces
 23819 | Bazaar   | Bought a scroll of blinking for 150 gold pieces
 23829 | Bazaar   | Bought a twisted chain mail for 294 gold pieces
 23833 | Bazaar   | Identified the cursed +1 chain mail of Makhleb's Vengeance
                  | {Str+2 Int+3 Stlth-} (You bought it in a shop in a bazaar)
 23833 | Bazaar   | Bought a pair of glowing gloves for 232 gold pieces
 23833 | Bazaar   | Bought a jewelled ring mail for 279 gold pieces
 23853 | Bazaar   | Identified the +5 ring mail "Uson" {+Blink rC+ Str+2 Int+5}
                  | (You bought it in a shop in a bazaar)
 23885 | Bazaar   | Bought a +1 cloak for 161 gold pieces
 23930 | Bazaar   | Bought a potion of mutation for 160 gold pieces
 23930 | Bazaar   | Bought a scroll of remove curse for 60 gold pieces
 23930 | Bazaar   | Bought a potion of flight for 60 gold pieces
 23930 | Bazaar   | Bought a scroll of remove curse for 60 gold pieces
 24337 | Orc:2    | Bought a book of Necromancy for 360 gold pieces
 24341 | Orc:2    | Learned a level 3 spell: Regeneration
 24912 | Snake:3  | Reached skill level 1 in Charms
 25089 | Snake:3  | Reached skill level 1 in Necromancy
 25557 | Snake:3  | Reached XP level 17. HP: 151/152 MP: 24/24
 25907 | Snake:4  | Entered Level 4 of the Snake Pit
 25957 | Snake:4  | Found a transporter.
 25963 | Snake:4  | Found a transporter.
 25967 | Snake:4  | Identified the +1 long sword "Widowmaker" {distort, Fragile
                  | rN+ Int+3}
 25969 | Snake:4  | Identified the +6 dagger of Generosity {vamp, rF++}
 25989 | Snake:4  | Noticed Zonian's ghost (adept HOFi)
 25991 | Snake:4  | Identified the +9 dire flail of the Cup {crush, rElec rN+
                  | Dex+3}
 25992 | Snake:4  | Found a bloodstained altar of Trog.
 26932 | Snake:4  | Got a serpentine rune of Zot
 27050 | Snake:4  | Killed Zonian's ghost
 27225 | Swamp:1  | Entered Level 1 of the Swamp
 27293 | Swamp:1  | Found the +10 Black Knight's horse barding {ponderous,
                  | rPois rN+}
 27380 | Swamp:1  | Reached skill level 1 in Maces & Flails
 27924 | Swamp:2  | Noticed Kirke
 27933 | Swamp:2  | Killed Kirke
 28129 | Swamp:2  | Learned a level 3 spell: Lesser Beckoning
 28894 | Swamp:3  | Reached XP level 18. HP: 162/162 MP: 25/25
 29006 | Swamp:3  | Reached skill level 5 in Charms
 29378 | Swamp:4  | Entered Level 4 of the Swamp
 29380 | Swamp:4  | Noticed Louise
 29413 | Swamp:4  | Killed Louise
 29413 | Swamp:4  | Reached skill level 15 in Fighting
 29567 | Swamp:4  | Reached skill level 5 in Necromancy
 29952 | Swamp:4  | Noticed the 27-headed Lernaean hydra
 30252 | Swamp:4  | Killed the 27-headed Lernaean hydra
 30411 | Swamp:4  | Got a decaying rune of Zot
 30782 | Vaults:1 | Entered Level 1 of the Vaults
 31237 | Vaults:1 | Reached skill level 10 in Crossbows
 31239 | Vaults:1 | Reached XP level 19. HP: 151/172 MP: 26/26
 31653 | Vaults:1 | Reached skill level 19 in Axes
 33108 | Vaults:3 | Found a runed translucent gate.
 33108 | Vaults:3 | Found a runed translucent gate.
 33108 | Vaults:3 | Found an ancient bone altar of Kikubaaqudgha.
 33108 | Vaults:3 | Found a runed translucent gate.
 33108 | Vaults:3 | Noticed an ancient lich
 33108 | Vaults:3 | Noticed a lich
 33108 | Vaults:3 | Noticed Adoajy's ghost (adept DsWr)
 33108 | Vaults:3 | Noticed an ancient lich
 33282 | Vaults:3 | Killed a lich
 33476 | Vaults:3 | Found a sacrificial altar of Ru.
 34115 | Vaults:3 | Reached XP level 20. HP: 179/184 MP: 27/27
 34280 | Vaults:3 | Found a staircase to the Crypt.
 34652 | Vaults:3 | Killed an ancient lich
 34655 | Vaults:3 | Killed an ancient lich
 34655 | Vaults:3 | Killed Adoajy's ghost
 34663 | Vaults:3 | Got a steaming scale mail
 34674 | Vaults:3 | Identified the +2 scale mail of the Everdark {rPois rC++
                  | Int+2 SInv} (You found it on level 3 of the Vaults)
 34681 | Vaults:3 | Identified Kikubaaqudgha's Handbook of Sinister Magic
 34695 | Vaults:3 | Got a crude marble ring
 34697 | Vaults:3 | Identified the ring "Wiskeot" {*Contam MR+ Int+4 SInv} (You
                  | found it on level 3 of the Vaults)
 34705 | Vaults:3 | Got a bloodstained hat
 34716 | Vaults:3 | Identified the cursed +0 hat of the Disturbing Lies {+Fly}
                  | (You found it on level 3 of the Vaults)
 35100 | Vaults:4 | Noticed Sojobo
 35101 | Vaults:4 | Noticed Frederick
 35116 | Vaults:4 | Killed Sojobo
 35317 | Vaults:4 | Found a runed translucent door.
 35317 | Vaults:4 | Noticed royokou's ghost (veteran MiFi)
 35355 | Vaults:4 | Killed royokou's ghost
 35528 | Vaults:4 | Killed Frederick
 36115 | Vaults:4 | Reached skill level 20 in Axes
 36420 | Elf:1    | Entered Level 1 of the Elven Halls
 36452 | Elf:1    | Reached XP level 21. HP: 189/195 MP: 28/28
 36465 | Elf:1    | Learned a level 6 spell: Deflect Missiles
 36741 | Elf:1    | Cast into level 4 of the Abyss (+4 hand axe of distortion)
 36834 | Abyss:4  | Reached skill level 1 in Air Magic
 36892 | Elf:1    | Escaped the Abyss
 37620 | Elf:2    | Reached skill level 5 in Spellcasting
 37789 | Elf:2    | Found a runed translucent gate.
 37789 | Elf:2    | Found a runed translucent gate.
 37790 | Elf:2    | Found a runed translucent gate.
 38058 | Elf:2    | Found Zeohug's Armour Emporium.
 38072 | Elf:2    | Bought a +0 pair of boots for 58 gold pieces
 38585 | Elf:3    | Entered Level 3 of the Elven Halls
 38585 | Elf:3    | Found Abuvvur's Jewellery Shoppe.
 38739 | Elf:3    | Reached skill level 10 in Dodging
 39439 | Elf:3    | Identified the +1 leather armour of Qazlal's Castigation
                  | {rPois rF+ rCorr SInv}
 39573 | Elf:3    | HP: 8/196 [deep elf sorcerer/bolt of acid (31)]
 39573 | Elf:3    | Splashed by a deep elf sorcerer's acid

Skill      XL: |  1  2  3  4  5  6  7  8  9 10 11 12 13 14 15 16 17 18 19 20 21 |
---------------+----------------------------------------------------------------+-----
Axes           | 3 5 6 8 10 11 13 14 15 16 17 18 19 20 | 20.5
Fighting       | 4 5 6 7 8 10 11 12 13 14 15 17 18 | 18.9
Armour         | 4 5 6 7 8 9 10 11 12 13 14 | 14.0
Shields        | 4 5 6 7 9 10 11 12 13 14 15 16 17 18 19 | 19.6
Dodging        | 1 2 3 4 5 6 7 8 9 10 | 10.1
Throwing       | 1 2 3 4 5 |  5.8
Invocations    | 3 6 8 9 10 11 | 11.4
Stealth        | 1 2 3 |  3.5
Slings         | 4 6 |  6.4
Spellcasting   | 1 2 3 4 5 |  5.2
Translocations | 1 2 3 |  3.8
Crossbows      | 4 7 8 10 11 | 11.9
Charms         | 2 4 6 7 8 |  8.9
Necromancy     | 2 4 5 6 |  6.2
Maces & Flails | 1 |  1.9
Air Magic      | 4 |  4.0
Polearms       | |  0.6
Conjurations   | |  0.3

Action                   |  1- 3 |  4- 6 |  7- 9 | 10-12 | 13-15 | 16-18 | 19-21 || total
-------------------------+-------+-------+-------+-------+-------+-------+-------++-------
Melee: War axe           |    92 |   128 |   219 |   396 |   125 |       |       ||   960
       Headbutt          |    11 |    18 |    76 |   144 |   212 |   193 |   204 ||   858
       Broad axe         |       |       |       |       |   504 |   552 |   621 ||  1677
       Trident           |       |       |       |       |    12 |       |       ||    12
       Mace              |       |       |       |       |     3 |       |       ||     3
       Fustibalus        |       |       |       |       |     2 |       |       ||     2
       Morningstar       |       |       |       |       |       |    13 |       ||    13
 Fire: Fustibalus        |       |       |       |       |   222 |    12 |       ||   234
       Hand crossbow     |       |       |       |       |    89 |   487 |   516 ||  1092
Throw: Javelin           |     2 |       |     6 |    35 |   101 |    19 |    12 ||   175
       Tomahawk          |       |       |       |       |    27 |       |       ||    27
 Cast: Blink             |       |       |       |     3 |    12 |    14 |     4 ||    33
       Magic Dart        |       |       |       |     3 |       |       |       ||     3
       Apportation       |       |       |       |       |       |   115 |     5 ||   120
       Regeneration      |       |       |       |       |       |    38 |    46 ||    84
Invok: Slouch            |       |       |       |       |    21 |    14 |     7 ||    42
Evoke: Wand              |       |       |       |       |     1 |       |       ||     1
  Use: Scroll            |     5 |       |     8 |     8 |    15 |    15 |     8 ||    59
       Potion            |       |       |     7 |     5 |     2 |     2 |     3 ||    19
 Stab: Paralysed         |       |       |       |       |       |       |     1 ||     1
  Eat: Chunk             |     1 |     3 |     4 |    14 |    23 |    22 |    18 ||    85
       Ration            |       |       |       |       |     1 |       |       ||     1
Armor: Scale mail        |    44 |    66 |       |       |       |       |    82 ||   192
       Chain mail        |       |     8 |    73 |   142 |   213 |    16 |       ||   452
       Ring mail         |       |       |       |       |       |   145 |    58 ||   203
Dodge: Dodged            |    27 |    38 |    47 |   121 |   256 |   302 |   326 ||  1117
Block: Shield            |    40 |   110 |   149 |   340 |   753 |   805 |   832 ||  3029
